 Dungeon Crawl Stone Soup version 0.30-a0-3-gc9032a9cac (webtiles) character file.

Game seed: 5751941465129085858

84 BritishOli the Trooper (level 4, -1/36 HPs)
             Began as a Demonspawn Fighter on Aug 20, 2022.
             Slain by a phantom (5 damage)
             ... on level 3 of the Dungeon.
             The game lasted 00:01:44 (2075 turns).

BritishOli the Trooper (Demonspawn Fighter)         Turns: 2075, Time: 00:01:45

Health: -1/36      AC:  6    Str: 19    XL:     4   Next: 23%
Magic:  0/4        EV:  6    Int:  9    God:
Gold:   43         SH:  4    Dex: 12    Spells: 3/3 levels left

rFire   . . .      SeeInvis .    a - +0 long sword
rCold   + . .      Faith    .    c - +0 buckler
rNeg    . . .      Spirit   +    b - +0 scale mail
rPois   .          Reflect  .    (helmet restricted)
rElec   .          Harm     .    (no cloak)
rCorr   .          Rampage  .    (no gloves)
Will    .....                    (no boots)
Stlth   ..........               l - amulet of guardian spirit
HPRegen 0.12/turn                r - ring of protection from cold
MPRegen 0.09/turn                (no ring)

@: about to teleport, constricted
A: horns 2
a: no special abilities


You were on level 3 of the Dungeon.
You visited 1 branch of the dungeon, and saw 4 of its levels.

You collected 43 gold pieces.

Inventory:

Hand Weapons
 a - a +0 long sword (weapon)
Armour
 b - a +0 scale mail (worn)
 c - a +0 buckler (worn)
Jewellery
 l - an amulet of guardian spirit (around neck)
 r - a ring of protection from cold (left hand)
Scrolls
 g - a scroll of enchant armour {unknown}
 h - a scroll of identify {unknown}
 i - 2 scrolls of teleportation
 k - a scroll of poison {unknown}
 n - a scroll of silence {unknown}
 o - 2 scrolls of enchant weapon {unknown}
 p - a scroll of fear {unknown}
 s - a scroll of vulnerability {unknown}
 t - a scroll of magic mapping {unknown}
Potions
 d - 3 potions of might
 e - a potion of haste {unknown}
 f - a potion of heal wounds {unknown}
 j - a potion of curing
 m - 2 potions of flight {unknown}
 q - a potion of degeneration {unknown}


   Skills:
 + Level 3.6 Fighting
 + Level 2.6 Long Blades
 + Level 3.2 Armour
 + Level 3.2 Shields


You had 3 spell levels left.
You didn't know any spells.
Your spell library was empty.

Dungeon Overview and Level Annotations

Branches:
Dungeon (4/15)
 Temple: D:4-7

Altars:

Annotations:
D:3 Sigmund


Innate Abilities, Weirdness & Mutations

You have a pair of horns on your head.


Message History

Found 28 gold pieces and a book of Frost.
You feel less confused.
There is a stone staircase leading up here.
You block the phantom's attack.
You climb upwards.
Level annotation: Sigmund
Found a masterwork chain mail.
There is a stone staircase leading down here.
You closely miss the phantom.
The phantom hits you but does no damage.
You barely miss the phantom. Your headbutt misses the phantom.
The phantom hits you.
The phantom blinks!
You blink.
Found 12 gold pieces.
You block the ball python's attack. The ball python grabs you.
The ball python constricts you.
You barely miss the ball python. The ball python bites you.
The ball python constricts you.
* * * LOW HITPOINT WARNING * * *
The phantom hits you but does no damage.
The ball python bites you but does no damage.
The ball python constricts you.
You hit the phantom but do no damage. Your headbutt misses the phantom.
You block the phantom's attack.
The ball python bites you but does no damage.
The ball python constricts you.
* * * LOW HITPOINT WARNING * * *
The phantom hits you.
* * * LOW HITPOINT WARNING * * *
The phantom blinks!
You blink.
An adder comes into view.
You barely miss the ball python.
The adder hisses angrily.
The ball python bites you.
* * * LOW HITPOINT WARNING * * *
The ball python constricts you.
The phantom hits you but does no damage.
The ball python barely misses you. The ball python constricts you.
As you read the scroll labelled LAOCSA JEFA, it crumbles to dust.
You feel strangely unstable.
It was a scroll of teleportation.
The phantom hits you.
You die...

#... #.##
#.# ####
..#####.##
#>.+
..........
#.##
..#####.##
#..# #.#
#S.# #.#
#W@# #.#
#..# #.#
#..# #.#
#.S. #.##
#... #...
#.#.$ ###.
.. .. #.
.# ### #.
...


You could see a phantom, an adder and a ball python.

Vanquished Creatures
  3 adders
  A gnoll (D:1)
  A worm (D:3)
  4 dart slugs
  4 bats
  2 endoplasms
  2 giant cockroaches (D:1)
  5 goblins
  4 hobgoblins
  3 ball pythons (D:1)
  4 frilled lizards
  3 kobolds
  4 rats
40 creatures vanquished.

Notes
Turn   | Place    | Note
-------+----------+-------------------------------------------
     0 | D:1      | BritishOli the Demonspawn Fighter began the quest for the
                  | Orb.
     0 | D:1      | Reached XP level 1. HP: 18/18 MP: 1/1
   106 | D:1      | Gained mutation: You have a pair of small horns on your
                  | head. [demonic ancestry]
   106 | D:1      | Reached XP level 2. HP: 23/24 MP: 2/2
   579 | D:1      | Reached XP level 3. HP: 11/29 MP: 3/3
  1910 | D:3      | Gained mutation: You have a pair of horns on your head.
                  | [demonic ancestry]
  1910 | D:3      | Reached XP level 4. HP: 34/35 MP: 4/4
  2019 | D:3      | Found a faded altar of an unknown god.
  2053 | D:3      | Noticed Sigmund
  2061 | D:4      | Noticed a phantom
  2075 | D:3      | Slain by a phantom

Illustrated notes

Levels and vault maps discovered:
D:1:      erik_arrival_triangle_huge, layout_basic
D:2:      layout_rooms, roderic_serpentine_path, kennysheep_cross_room
D:3:      layout_basic, mainiacjoe_overflow_surrounded_room,
          mainiacjoe_overflow_two_lobes, basic_ecumenical_altar, uniq_sigmund
D:4:      layout_loops_cross, serial_glass, glass_columns_c, glass_columns_a,
          hangedman_abyss_or_decor_passed, uniq_blork_the_orc

Skill      XL: |  1  2 |
---------------+-------+-----
Long Blades    | 2 |  2.6
Armour         | 3 |  3.2
Shields        | 3 |  3.2
Fighting       | |  3.6

Action                   |  1- 3 |  4- 6 || total
-------------------------+-------+-------++-------
Melee: Long sword        |    76 |    17 ||    93
       Headbutt          |    10 |     1 ||    11
  Use: Potion            |     1 |       ||     1
       Scroll            |       |     1 ||     1
Armor: Scale mail        |    37 |    10 ||    47
Dodge: Dodged            |    35 |     5 ||    40
Block: Buckler           |    13 |     4 ||    17

Table legend: (Time is in decaauts)
 A = Elapsed time spent in this place.
 B = Non-inter-level travel time spent in this place.
 C = Inter-level travel time spent in this place.
 D = Time resting spent in this place.
 E = Time spent auto-exploring this place.
 F = Levels seen in this place.
 G = Mean time per level.
                   A        B        C        D        E       F      G
               +--------+--------+--------+--------+--------+-----+--------+
         Total |   2103 |   2065 |     38 |    302 |   1470 |   4 |  525.8 |
       Dungeon |   2103 |   2065 |     38 |    302 |   1470 |   4 |  525.8 |
               +--------+--------+--------+--------+--------+-----+--------+

Top non-repeatable levels by time:
     D:1: 1115 daAuts
     D:2: 784 daAuts
     D:3: 195 daAuts
     D:4: 7 daAuts
